 Dungeon Crawl Stone Soup version 0.27-a0-808-g60bc5d92e6 (webtiles) character file.

Game seed: 29865453473543534

303333 jestyr24 the Slayer (level 20, -23/199 (205) HPs)
             Began as a Minotaur Fighter on Mar 27, 2021.
             Was a Believer of Uskayaw.
             Killed from afar by an ancient lich (45 damage)
             ... with a crystal spear
             ... while petrified by an ancient lich
             ... on level 4 of the Vaults on Mar 29, 2021.
             The game lasted 05:46:06 (36365 turns).

jestyr24 the Slayer (Minotaur Fighter)             Turns: 36365, Time: 05:46:07

HP:   -23/199 (205) AC: 29    Str: 31 (32) XL:     20   Next: 23%
MP:   28/28         EV:  2    Int:  3      God:    Uskayaw [**....]
Gold: 3124          SH:  0    Dex: 13 (14) Spells: 19/19 levels left

rFire    . . .     SeeInvis +   V - +9 long sword (flame)
rCold    + + +     Faith    .   e - +3 buckler {reflect}
rNeg     + + +     Spirit   .   C - +13 plate armour of Pandemonium {Rampage rElec MP+9}
rPois    ∞         Reflect  +   (helmet restricted)
rElec    +         Harm     .   G - +2 cloak of the Crypt {rF- rC++ Str+4}
rCorr    .         Rampage  +   n - +1 pair of gloves {archery}
Will     +....                  (no boots)
Stlth    ..........             y - amulet of regeneration
HPRegen  1.43/turn              X - ring of Fanaticism {rPois rF+ rC+ SInv Stlth-}
MPRegen  0.21/turn              x - +4 ring of protection

@: petrified, corroded, lightly drained
A: horns 2, retaliatory headbutt, hooves 1, repulsion field 1, thin skeletal
structure 1, deterioration 1, dopey 1
}: 2/15 runes: barnacled, gossamer
a: Renounce Religion, Stomp, Line Pass


You were on level 4 of the Vaults.
You worshipped Uskayaw.
Uskayaw was noncommittal.
You visited 5 branches of the dungeon, and saw 34 of its levels.
You also visited: Desolation.

You collected 3124 gold pieces.

Inventory:

Hand Weapons
 i - a +0 vampiric demon blade
 p - a +4 double sword of holy wrath
 Q - the +12 glaive of Prune {vorpal}
   (You found it in the Desolation of Salt)

   It inflicts extra damage upon your enemies.
 V - a +9 long sword of flaming (weapon)
Missiles
 f - 5 throwing nets
 w - 14 atropa-tipped darts
 H - 25 javelins
 K - 17 boomerangs (quivered)
 L - 75 poisoned darts
 N - 46 silver javelins
 O - 11 curare-tipped darts
Armour
 e - a +3 buckler of reflection (worn)
 j - +2 gold dragon scales
 n - a +1 pair of gloves of archery (worn)
 u - a +3 tower shield
 C - the +13 plate armour of Pandemonium (worn) {Rampage rElec MP+9}
   (You found it on level 4 of the Spider Nest)

   It insulates you from electricity.
   It affects your magic capacity (+9).
   It bestows one free step when moving towards enemies.
 G - the +2 cloak of the Crypt (worn) {rF- rC++ Str+4}
   (You found it on level 14 of the Dungeon)

   It affects your strength (+4).
   It makes you vulnerable to fire.
   It greatly protects you from cold.
 Z - a scarf of repulsion
Jewellery
 a - the ring of the Twelve Dances {Will+ MP+9 EV+4 Dex+2}
   (You found it in the Desolation of Salt)

   [ring of evasion]

   It affects your evasion (+4).
   It affects your dexterity (+2).
   It affects your willpower, your defense against some magical effects.
   It affects your magic capacity (+9).
 o - a ring of positive energy
 s - the ring of Awe {rF++ Int+6 Dex+2}
   (You acquired it on level 9 of the Dungeon)

   [ring of intelligence]

   It affects your intelligence (+6).
   It affects your dexterity (+2).
   It greatly protects you from fire.
 x - a +4 ring of protection (right hand)
 y - an amulet of regeneration (around neck)
 X - the ring of Fanaticism (left hand) {rPois rF+ rC+ SInv Stlth-}
   (You found it in the Desolation of Salt)

   [ring of poison resistance]

   It protects you from fire.
   It protects you from cold.
   It protects you from poison.
   It lets you see invisible.
   It makes you less stealthy.
Wands
 m - a wand of mindburst (17)
 r - a wand of digging (14)
 t - a wand of acid (17)
 B - a wand of paralysis (4)
 I - a wand of charming (10)
 M - a wand of polymorph (71)
Scrolls
 g - 14 scrolls of teleportation
 z - 3 scrolls of magic mapping
 A - 3 scrolls of fear
 F - 3 scrolls of enchant weapon
 J - 2 scrolls of blinking
 P - 2 scrolls of silence
 U - 14 scrolls of identify
Potions
 c - 4 potions of ambrosia
 d - 7 potions of might
 h - 21 potions of curing
 l - 3 potions of cancellation
 q - 4 potions of heal wounds
 D - a potion of invisibility
 E - 8 potions of flight
 R - a potion of brilliance
 S - a potion of resistance
 W - 3 potions of berserk rage
Miscellaneous
 b - a tin of tremorstones (2/2)
 k - a condenser vane
 T - a box of beasts


   Skills:
 + Level 23.7 Fighting
 - Level 14.6 Long Blades
 - Level 14.6 Throwing
 - Level 17.7 Armour
 - Level 11.6 Dodging
 - Level 0.4 Stealth
 - Level 17.6 Shields


You had 19 spell levels left.
You didn't know any spells.
Your spell library contained the following spells:

 Spells                   Type           Power      Damage    Failure   Level
 Animate Skeleton         Necr           0%         N/A       95%         1
 Apportation              Tloc           0%         N/A       95%         1
 Corona                   Hex            0%         N/A       95%         1
 Magic Dart               Conj           0%         1d3       95%         1
 Summon Small Mammal      Summ           0%         N/A       95%         1
 Blink                    Tloc           N/A        N/A       99%         2
 Call Imp                 Summ           0%         N/A       99%         2
 Ensorcelled Hibernation  Hex/Ice        0%         N/A       99%         2
 Poisonous Vapours        Pois/Air       0%         N/A       99%         2
 Slow                     Hex            0%         N/A       99%         2
 Call Canine Familiar     Summ           0%         N/A       100%        3
 Confusing Touch          Hex            0%         N/A       100%        3
 Conjure Flame            Conj/Fire      0%         6-21      100%        3
 Dazzling Flash           Conj/Hex       0%         N/A       100%        3
 Gell's Gravitas          Tloc           0%         N/A       100%        3
 Inner Flame              Hex/Fire       0%         N/A       100%        3
 Mephitic Cloud           Conj/Pois/Air  0%         N/A       100%        3
 Portal Projectile        Hex/Tloc       0%         N/A       100%        3
 Static Discharge         Conj/Air       0%         N/A       100%        3
 Summon Guardian Golem    Hex/Summ       0%         N/A       100%        3
 Tukima's Dance           Hex            0%         N/A       100%        3
 Cause Fear               Hex            0%         N/A       100%        4
 Ice Form                 Ice/Tmut       0%         N/A       100%        4
 Leda's Liquefaction      Hex/Erth       0%         N/A       100%        4
 Passage of Golubria      Tloc           N/A        N/A       100%        4
 Petrify                  Tmut/Erth      0%         N/A       100%        4
 Summon Ice Beast         Ice/Summ       0%         N/A       100%        4
 Summon Lightning Spire   Summ/Air       0%         N/A       100%        4
 Bolt of Magma            Conj/Fire/Erth 0%         4d4       100%        5
 Iskenderun's Battlesphe  Conj           0%         2d6       100%        5
 Lightning Bolt           Conj/Air       0%         1d11      100%        5
 Metabolic Englaciation   Hex/Ice        0%         N/A       100%        5
 Yara's Violent Unravell  Hex/Tmut       0%         3d3       100%        5
 Dispersal                Tloc           0%         N/A       100%        6
 Freezing Cloud           Conj/Ice/Air   0%         6-21      100%        6
 Iron Shot                Conj/Erth      0%         9d1       100%        6
 Simulacrum               Ice/Necr       0%         N/A       100%        6
 Orb of Destruction       Conj           0%         N/A       100%        7
 Ozocubu's Refrigeration  Ice            0%         4d5       100%        7
 Spellforged Servitor     Conj/Summ      0%         N/A       100%        7
 Ignition                 Fire           0%         3d3       100%        8
 Shatter                  Erth           0%         3d5*      100%        9
 Tornado                  Air            0%         N/A       100%        9


Dungeon Overview and Level Annotations

Branches:
Dungeon (15/15)            Temple (0/1) D:7            Lair (6/6) D:10
 Shoals (4/4) Lair:2       Spider (4/4) Lair:2        Slime (0/5) Lair:5
    Orc (0/2) D:9          Vaults (5/5) D:13          Crypt (0/3) Vaults:3
Desolation (visited)
 Depths: D:15

Altars:
Fedhas
Makhleb
Uskayaw
The Shining One

Shops:
D:2 :   Vaults:2 [   Vaults:4 (

Portals:
Trove: Vaults:3 (give +4 fire dragon scales)

Annotations:
D:5 3 runed translucent doors, HilariousDeathArtist's ghost, novice VSDe; durn's ghost, amateur DESu; noodleboyJ's ghost, weakling KoDe


Innate Abilities, Weirdness & Mutations

You have a pair of horns on your head.
You reflexively headbutt those who attack you in melee.
You have large cloven feet.
You are surrounded by a mild repulsion field. (EV +2)
You have a somewhat thin skeletal structure. (Dex +2, Stealth)
Your body sometimes deteriorates upon taking damage.
You are dopey. (Int -2)


Message History

The ancient lich gestures at you while chanting.
You are slowing down.
You barely miss the ancient lich. Your kick misses the ancient lich.
Your headbutt misses the ancient lich.
The ancient lich is almost destroyed.
The ancient lich touches you but does no damage.
The ancient lich casts a spell at you. The bolt of acid hits you!!
The acid corrodes you!
You are splashed with acid!
Your limbs are stiffening.
You slash the ancient lich! You burn the ancient lich.
You kick the ancient lich.
The ancient lich is almost destroyed.
The ancient lich touches you but does no damage.
You hit the ancient lich but do no damage.
You kick the ancient lich, but do no damage.
You headbutt the ancient lich, but do no damage.
The ancient lich is almost destroyed.
The ancient lich touches you!
You feel drained.
The ancient lich casts a spell at itself.
The ancient lich flickers and vanishes for a moment.
You have turned to stone.
The ancient lich gestures at you while chanting.
The bolt of acid hits you!!!
Your body deteriorates!
You feel weakened. The acid corrodes you!
You are splashed with acid!
The ancient lich touches you but does no damage.
The ancient lich points at you and mumbles some strange words.
The bolt of acid hits you!!!
* * * LOW HITPOINT WARNING * * *
The acid corrodes you!
You are splashed with acid!
* * * LOW HITPOINT WARNING * * *
The ancient lich touches you but does no damage. x2
The ancient lich points at you and mumbles some strange words.
The bolt of acid hits you!!
* * * LOW HITPOINT WARNING * * *
You are splashed with acid!
* * * LOW HITPOINT WARNING * * *
The ancient lich casts a spell at you. The crystal spear hits you!!!!
You die...

#########[##########
......#..[?..#
......#......#
..##..#..##..########
..##..#..##..#......#
......#......#......#
......'......'......#
#####'#'######......#
.[....'......#..@L..#
.....(#......#......#
..##..#..##..#......#
..##..#..##..#..[...#
......#......########
......#......#
##############


You could see an ancient lich (fast, invisible).

Vanquished Creatures
  Nikola (Spider:4)
  A bone dragon (Vaults:3)
  The ghost of Meod the Warrior, an adept MiBe of Trog (Shoals:2)
  3 sphinxes
  Agnes (D:14)
  The ghost of Ythron the Severer, an adept DDFi of Makhleb (Spider:4)
  A fire giant (Vaults:4)
  2 imperial myrmidons (Desolation)
  Aizul (Spider:4)
  10 vault wardens
  4 ghost moths
  5 emperor scorpions
  13 ironbound preservers
  A very ugly thing (Vaults:3)
  A stone giant (Vaults:4)
  2 war gargoyles
  2 spark wasps (Spider:4)
  3 halazid warlocks (Desolation)
  4 merfolk javelineers (Shoals:4)
  2 dire elephants (Vaults:2)
  5 crystal guardians
  Josephine (D:12)
  7 yaktaur captains
  5 merfolk impalers
  4 ragged hierophants (Desolation)
  3 great orbs of eyes
  7 servants of whispers (Desolation)
  6 peacekeepers
  39 vault guards
  7 ironbound frosthearts
  8 hydras
  6 centaur warriors
  A merfolk avatar (Shoals:2)
  5 ironbound thunderhulks
  2 boulder beetles
  3 catoblepae
  3 merfolk aquamancers
  A satyr (Shoals:4)
  11 death yaks
  A tengu warrior (D:14)
  The ghost of Atlas the Chiller, a novice DsIE (D:9)
  5 ironbound beastmasters
  Urug (D:11)
  4 two-headed ogres
  Sonja (Lair:4)
  A skeletal warrior (D:15)
  5 sea snakes
  3 glowing orange brains
  31 deep trolls
  9 lindwurms
  16 ironbound convokers
  A necromancer (Lair:5)
  A phantasmal warrior (Vaults:4)
  21 harpies
  7 wizards
  18 orb spiders
  35 wolf spiders
  6 cyclopes
  8 manticores
  10 fauns
  A moth of wrath (Spider:4)
  17 ugly things
  14 vault sentinels
  Maurice (D:12)
  3 elephants (Lair:5)
  4 guardian serpents (Desolation)
  2 black mambas
  8 merfolk sirens
  5 torpor snails
  A molten gargoyle (Desolation)
  4 water nymphs (Shoals:4)
  A gargoyle (D:12)
  23 cane toads
  23 yaktaurs
  Psyche (D:10)
  2 rime drakes
  2 kobold demonologists (D:12)
  7 komodo dragons
  17 demonic crawlers
  A tengu conjurer (D:14)
  A freezing wraith (D:14)
  8 trolls
  26 jumping spiders
  4 hornets
  2 polar bears
  24 merfolk
  2 wind drakes (Shoals:4)
  3 tyrant leeches (Lair:6)
  21 slime creatures
  45 saltlings (Desolation)
  Prince Ribbit (D:8)
  7 snapping turtles
  5 dream sheep
  34 blink frogs
  A vampire (D:10)
  7 wyverns
  52 redbacks
  10 water elementals
  29 tarantellas
  51 yaks
  5 wraiths
  Eustachio (D:6)
  6 basilisks
  A steam dragon (D:10)
  14 vampire mosquitoes
  Menkaure (D:7)
  An acid dragon (D:10)
  20 water moccasins
  Purgy (D:3)
  2 orc warriors (D:9)
  A sky beast (D:5)
  3 black bears
  A necrophage (D:6)
  15 wolves
  3 ogres
  13 centaurs
  A phantom (D:6)
  23 bullfrogs
  3 kobold brigands
  A wyvern zombie (D:7)
  2 scorpions
  15 killer bees
  4 wights (D:9)
  3 electric eels
  3 howler monkeys (D:9)
  A bullfrog zombie (D:5)
  2 centaur zombies
  2 hounds
  A jelly (D:6)
  3 orc priests
  A centaur skeleton (D:6)
  5 iguanas
  Natasha (thrice) (D:2)
  6 orc wizards
  5 hell rats (Lair:4)
  A yak simulacrum (Lair:5)
  Terence (D:3)
  3 polar bear simulacra (Lair:5)
  5 wolf simulacra (Lair:5)
  A howler monkey zombie (D:8)
  6 adders
  A shadow imp (D:6)
  2 white imps
  An ufetubus (Vaults:1)
  4 worms
  2 dart slugs
  30 orcs
  9 ball pythons
  4 bats
  6 endoplasms
  5 giant cockroaches
  5 goblins
  5 hobgoblins
  4 jackals
  18 kobolds
  4 quokkas
  4 frilled lizards
  6 rats
  2 river rat simulacra (Lair:5)
1139 creatures vanquished.

Vanquished Creatures (others)
  A ghost moth (Spider:4)
  4 orb spiders
  A tarantella (Spider:4)
  2 redbacks (Spider:4)
  53 fungi
  121 plants
182 creatures vanquished.

Grand Total: 1321 creatures vanquished

Notes
Turn   | Place    | Note
-------+----------+-------------------------------------------
     0 | D:1      | jestyr24 the Minotaur Fighter began the quest for the Orb.
     0 | D:1      | Reached XP level 1. HP: 19/19 MP: 0/0
   311 | D:1      | Reached XP level 2. HP: 25/27 MP: 1/1
   598 | D:1      | Reached skill level 4 in Fighting
   599 | D:1      | Reached XP level 3. HP: 33/33 MP: 2/2
  1197 | D:2      | Reached XP level 4. HP: 40/40 MP: 3/3
  1815 | D:2      | Found Agorche's Book Emporium.
  1838 | D:2      | Noticed Natasha
  1848 | D:2      | Killed Natasha
  1899 | D:2      | Noticed Natasha
  1905 | D:2      | Killed Natasha
  2029 | D:2      | Noticed Natasha
  2035 | D:2      | Killed Natasha
  2036 | D:2      | Reached XP level 5. HP: 47/47 MP: 4/4
  2302 | D:3      | Noticed Terence
  2310 | D:3      | Killed Terence
  2311 | D:3      | Reached skill level 1 in Dodging
  2453 | D:3      | Noticed Purgy
  2461 | D:3      | Killed Purgy
  2462 | D:3      | Reached skill level 5 in Long Blades
  2462 | D:3      | Reached XP level 6. HP: 39/53 MP: 5/5
  2854 | D:4      | Reached skill level 5 in Armour
  2854 | D:4      | Reached skill level 5 in Shields
  3364 | D:4      | Reached skill level 5 in Fighting
  3364 | D:4      | Reached XP level 7. HP: 15/61 MP: 6/6
  3693 | D:4      | Found a blossoming altar of Fedhas.
  4116 | D:5      | Entered Level 5 of the Dungeon
  4295 | D:5      | Found a hide-covered altar of Uskayaw.
  4298 | D:5      | Became a worshipper of Uskayaw the Reveller
  4304 | D:5      | Reached * piety under Uskayaw
  4305 | D:5      | Reached XP level 8. HP: 67/69 MP: 7/7
  4400 | D:5      | Reached ** piety under Uskayaw
  4657 | D:5      | Found a runed translucent gate.
  4658 | D:5      | Found a runed translucent gate.
  4658 | D:5      | Found a runed translucent gate.
  4659 | D:5      | Noticed durn's ghost (amateur DESu)
  4659 | D:5      | Noticed noodleboyJ's ghost (weakling KoDe)
  4659 | D:5      | Noticed HilariousDeathArtist's ghost (novice VSDe)
  4734 | D:6      | Noticed Eustachio
  4739 | D:6      | Killed Eustachio
  4768 | D:6      | Reached *** piety under Uskayaw
  4930 | D:6      | Reached skill level 6 in Fighting
  5057 | D:6      | Reached **** piety under Uskayaw
  5459 | D:6      | Reached XP level 9. HP: 67/78 MP: 8/8
  5459 | D:6      | Reached ***** piety under Uskayaw
  5794 | D:7      | Found a staircase to the Ecumenical Temple.
  5903 | D:7      | Noticed Menkaure
  5933 | D:7      | Killed Menkaure
  6160 | D:7      | Reached skill level 10 in Long Blades
  6324 | D:7      | Noticed a two-headed ogre
  6331 | D:7      | Killed a two-headed ogre
  6332 | D:7      | Reached skill level 8 in Fighting
  6627 | D:8      | Reached skill level 9 in Fighting
  6898 | D:8      | Noticed Prince Ribbit
  6915 | D:8      | Killed Prince Ribbit
  7464 | D:9      | Reached skill level 10 in Fighting
  7464 | D:9      | Reached XP level 10. HP: 93/93 MP: 9/9
  7568 | D:9      | Found a staircase to the Orcish Mines.
  7938 | D:9      | Reached skill level 11 in Fighting
  8058 | D:9      | Reached skill level 12 in Fighting
  8073 | D:9      | Identified 2 scrolls of acquirement
  8073 | D:9      | Acquired the ring of Awe {rF++ Int+6 Dex+2}
  8075 | D:9      | Acquired a +1 buckler of reflection
  8245 | D:9      | Found a large runed translucent door.
  8245 | D:9      | Found a large runed translucent door.
  8246 | D:9      | Noticed Atlas's ghost (novice DsIE)
  8403 | D:9      | Reached skill level 13 in Fighting
  8488 | D:10     | Entered Level 10 of the Dungeon
  8615 | D:10     | Noticed Psyche
  8620 | D:10     | Killed Psyche
  8692 | D:10     | Paralysed by a hornet for 3 turns
  8700 | D:10     | Reached XP level 11. HP: 37/108 MP: 10/10
  8972 | D:10     | Reached skill level 14 in Fighting
  9120 | D:10     | Found a glowing golden altar of the Shining One.
  9153 | D:10     | Found a burning altar of Makhleb.
  9179 | D:10     | Found a staircase to the Lair.
  9689 | D:11     | Noticed a two-headed ogre
  9698 | D:11     | Killed a two-headed ogre
 10174 | D:12     | Noticed a cyan ugly thing
 10184 | D:11     | Killed a cyan ugly thing
 10274 | D:11     | Reached skill level 15 in Fighting
 10314 | D:12     | Noticed Urug
 10321 | D:12     | Noticed Maurice
 10333 | D:11     | Killed Urug
 10380 | D:12     | Paralysed by something for 2 turns
 10395 | D:12     | Paralysed by something for 3 turns
 10418 | D:12     | Noticed Josephine
 10547 | D:12     | Found a burning altar of Makhleb.
 10549 | D:12     | Noticed a green death
 10557 | D:12     | Paralysed by something for 4 turns
 10567 | D:12     | Killed Maurice
 10619 | D:12     | Killed Josephine
 10714 | D:12     | Reached XP level 12. HP: 116/117 MP: 11/11
 10719 | D:12     | Noticed a two-headed ogre
 10727 | D:12     | Killed a two-headed ogre
 10988 | Lair:1   | Entered Level 1 of the Lair of Beasts
 11056 | Lair:1   | Noticed a six-headed hydra
 11068 | Lair:1   | Killed a six-headed hydra
 11069 | Lair:1   | Reached skill level 16 in Fighting
 12246 | Lair:2   | Found a staircase to the Shoals.
 12402 | Lair:2   | Found a hole to the Spider Nest.
 13026 | Lair:3   | Noticed a five-headed hydra
 13036 | Lair:3   | Killed a five-headed hydra
 13137 | Lair:3   | Reached skill level 17 in Fighting
 13137 | Lair:3   | Reached XP level 13. HP: 132/132 MP: 12/12
 13558 | Lair:4   | Noticed Sonja
 13614 | Lair:3   | Reached skill level 10 in Shields
 13878 | Lair:4   | Killed Sonja
 14073 | Lair:4   | Gained mutation: Potions are less effective at restoring
                  | your health. [potion of mutation]
 14073 | Lair:4   | Gained mutation: Your mind is acute. (Int +2) [potion of
                  | mutation]
 14074 | Lair:4   | Lost mutation: Potions are less effective at restoring your
                  | health. [potion of mutation]
 14074 | Lair:4   | Gained mutation: Your body sometimes deteriorates upon
                  | taking damage. [potion of mutation]
 14074 | Lair:4   | Gained mutation: You are clumsy. (Dex -2) [potion of
                  | mutation]
 14074 | Lair:4   | Gained mutation: Your body often deteriorates upon taking
                  | damage. [potion of mutation]
 14074 | Lair:4   | Gained mutation: You are surrounded by a mild repulsion
                  | field. (EV +2) [potion of mutation]
 14075 | Lair:4   | Lost mutation: You are clumsy. (Dex -2) [potion of
                  | mutation]
 14075 | Lair:4   | Lost mutation: Your mind is acute. (Int +2) [potion of
                  | mutation]
 14075 | Lair:4   | Lost mutation: Your body often deteriorates upon taking
                  | damage. [potion of mutation]
 14075 | Lair:4   | Gained mutation: You are dopey. (Int -2) [potion of
                  | mutation]
 14075 | Lair:4   | Gained mutation: You have a somewhat thin skeletal
                  | structure. (Dex +2, Stealth) [potion of mutation]
 14075 | Lair:4   | Gained mutation: You have large cloven feet. [potion of
                  | mutation]
 14623 | Lair:5   | Reached ****** piety under Uskayaw
 14624 | Lair:5   | Reached skill level 10 in Armour
 15337 | Lair:5   | Found a staircase to the Slime Pits.
 16011 | Lair:6   | Entered Level 6 of the Lair of Beasts
 16610 | Lair:5   | Reached XP level 14. HP: 79/141 MP: 13/13
 16681 | Lair:6   | Reached skill level 18 in Fighting
 18178 | D:9      | Killed Atlas's ghost
 18220 | D:9      | Acquired 513 gold pieces
 18662 | D:13     | Reached skill level 19 in Fighting
 18686 | D:13     | Acquired a +4 double sword of holy wrath
 18765 | D:13     | Found a gate to the Vaults.
 19207 | D:13     | Reached XP level 15. HP: 152/152 MP: 14/14
 19787 | D:14     | Noticed Agnes
 19799 | D:14     | Killed Agnes
 19800 | D:14     | Reached skill level 15 in Shields
 20183 | D:14     | Identified the +2 cloak of the Crypt {rF- rC++ Str+4}
 20682 | D:15     | Entered Level 15 of the Dungeon
 21156 | Spider:1 | Entered Level 1 of the Spider Nest
 21210 | Spider:1 | Reached skill level 1 in Throwing
 22814 | Spider:2 | Reached skill level 5 in Dodging
 22919 | Spider:2 | Killed a ghost moth
 22934 | Spider:2 | You fall into a shaft and drop 1 floor!
 23569 | Spider:3 | Reached XP level 16. HP: 123/162 MP: 0/15
 24008 | Spider:4 | Entered Level 4 of the Spider Nest
 24201 | Spider:4 | Noticed Nikola
 24646 | Spider:4 | Reached skill level 20 in Fighting
 24948 | Spider:4 | Identified the +13 plate armour of Pandemonium {Rampage
                  | rElec MP+9}
 25026 | Spider:4 | Reached skill level 5 in Throwing
 25090 | Spider:4 | Noticed Aizul
 25150 | Spider:4 | Killed Nikola
 25251 | Spider:4 | Killed Aizul
 25496 | Spider:4 | Got a gossamer rune of Zot
 25557 | Spider:4 | Found a runed translucent door.
 25557 | Spider:4 | Noticed Ythron's ghost (adept DDFi)
 25600 | Spider:4 | Killed Ythron's ghost
 25754 | Shoals:1 | Entered Level 1 of the Shoals
 25815 | Shoals:1 | Identified the +3 ring mail of Fashionability {Rampage
                  | rElec rF+ Slay+5}
 26309 | Shoals:2 | Reached XP level 17. HP: 154/170 MP: 16/16
 26526 | Shoals:2 | Found a runed translucent gate.
 26526 | Shoals:2 | Found a runed translucent gate.
 26526 | Shoals:2 | Found a runed translucent gate.
 26530 | Shoals:2 | Reached skill level 15 in Armour
 26533 | Shoals:2 | Noticed Meod's ghost (adept MiBe)
 26616 | Shoals:2 | Killed Meod's ghost
 26949 | Shoals:2 | Upgraded the game from 0.27-a0-797-g27d10ad80f to
                  | 0.27-a0-808-g60bc5d92e6
 27473 | Shoals:3 | Reached skill level 10 in Throwing
 27907 | Shoals:4 | Entered Level 4 of the Shoals
 28187 | Shoals:4 | Got a barnacled rune of Zot
 28315 | Shoals:4 | Identified the ring of Rehuco {Ice Str+3}
 28448 | Shoals:4 | Identified the Catalogue of Freezing Orientation
 28960 | Vaults:1 | Entered Level 1 of the Vaults
 30111 | Vaults:2 | Reached XP level 18. HP: 143/180 MP: 17/17
 30509 | Vaults:2 | Reached skill level 21 in Fighting
 31090 | Vaults:2 | Found Odehyqet's Armour Emporium.
 31643 | Vaults:3 | Found a ruined gateway.
 31652 | Desolati | Entered the Desolation of Salt
 31727 | Desolati | Identified the ring of Yqoyh {*Contam rC+ MP+9 Str+2}
 31735 | Desolati | Found the +12 glaive of Prune {vorpal}
 31758 | Desolati | Reached skill level 10 in Dodging
 31896 | Desolati | Identified the ring of Fanaticism {rPois rF+ rC+ SInv
                  | Stlth-}
 31899 | Desolati | Identified the amulet of the Circus Animal {Faith Stlth+}
 31900 | Desolati | Identified the ring of the Twelve Dances {Will+ MP+9 EV+4
                  | Dex+2}
 32021 | Desolati | Reached XP level 19. HP: 189/190 MP: 18/18
 32105 | Desolati | Reached skill level 22 in Fighting
 32301 | Desolati | Identified the ring of Twilight {rPois Dex+6}
 32303 | Desolati | Identified the +8 plate armour of the Stars {rElec}
 32456 | Desolati | Identified the amulet of Fyd Zahehe {Acrobat Will+ Stlth+}
 32466 | Desolati | Identified the +1 plate armour of Magic {rElec rF+++ rCorr
                  | Str-2}
 32476 | Desolati | Identified the amulet "Plog" {RegenMP Dex+4}
 33281 | Vaults:3 | Noticed a bone dragon
 33300 | Vaults:3 | Killed a bone dragon
 33328 | Vaults:3 | Found a staircase to the Crypt.
 33544 | Vaults:3 | Found a portal to a secret trove of treasure.
 34312 | Vaults:4 | Reached skill level 23 in Fighting
 34547 | Vaults:4 | Found Nidid's Weapon Shoppe.
 35168 | Vaults:4 | Reached XP level 20. HP: 171/204 MP: 19/19
 35418 | Vaults:5 | Entered Level 5 of the Vaults
 35883 | Vaults:5 | Noticed an ancient lich
 36365 | Vaults:4 | Killed from afar by an ancient lich

Illustrated notes

Levels and vault maps discovered:
D:1:      lightli_arrival_boilingwater, layout_basic, minmay_worlds_worst_comb
D:2:      minmay_wonky_spiral, layout_basic, serial_shops, shop_fountains,
          minivault_23, uniq_natasha
D:3:      layout_loops_ring, uniq_terence, uniq_purgy
D:4:      layout_basic, minmay_crystal_water, fedhas_altar_3
D:5:      layout_rooms, lemuel_doored_altar, gammafunk_ghost_cemetery
D:6:      layout_basic, uniq_eustachio
D:7:      layout_rooms, minmay_temple_entry_waves, hangedman_decor_slide_cut,
          uniq_menkaure
D:8:      layout_cave_pods, uniq_prince_ribbit1
D:9:      layout_irregular_city, david_orc_2, ebering_ghost_disaster_area
D:10:     layout_loops_ring, lair_entry_dummy, hex_medium, nzn_life_drinkers,
          uniq_psyche
D:11:     layout_irregular_city, serial_bayou_pond_c
D:12:     layout_big_octagon, makhleb_altar_promises_db, uniq_urug,
          uniq_josephine, uniq_maurice
D:13:     layout_basic, erik_vaults_2
D:14:     layout_basic, uniq_agnes
D:15:     grunt_enter_depths_hoard, layout_gridville,
          chequers_serial_rivers_marsh
Lair:1:   layout_small_grid
Lair:2:   layout_cave_pods, elwin_shoals_entry_stream,
          nicolae_spider_entry_orb_guardian
Lair:3:   layout_misc_corridors
Lair:4:   layout_regular_city, grunt_megastairs_3, uniq_sonja
Lair:5:   layout_layer_cave, dpeg_slime_entry_corner, eino_house_with_fridge
Lair:6:   minmay_lair_end_frog_pond, layout_regular_city, st_stairs_10
Shoals:1: layout_shoals
Shoals:2: layout_shoals, ebering_ghost_rock_garden
Shoals:3: layout_shoals, nicolae_shoals_wave_tunnel
Shoals:4: shoals_end_hangedman, layout_shoals
Spider:1: layout_spider_delve
Spider:2: layout_chambers, nicolae_orb_stairs, nicolae_spider_cling_ruins
Spider:3: layout_spider_delve
Spider:4: grunt_spider_rune_island, gammafunk_ghost_grave, uniq_aizul,
          uniq_nikola
Vaults:1: nicolae_vaults_little_squares_6, grunt_vaults_focal,
          vaults_room_semicircle, serial_ice_h,
          nicolae_vaults_ring_of_whatevers, layout_vaults_omnigrid
Vaults:2: hangedman_vaults_unwind, vaults_mumra_lcd,
          nicolae_vaults_diagonal_hallway_7, nicolae_vaults_triangles, v_misc_3,
          ontoclasm_vaults_fault, v_misc_19, v_misc_24,
          hangedman_vaults_variations, dpeg_vaults_monster_box,
          nicolae_vaults_alarming, layout_vaults_big_room, serial_shops, shop
Vaults:3: v_alt_pattern_5, vaults_room_pools, vaults_mumra_chevron_long,
          minmay_crypt_entry_nasty_monster, hangedman_vaults_maws,
          vaults_room_corners, ontoclasm_vaults_idyll, vaults_mumra_hex,
          v_misc_24, v_pattern_2, vaults_room_fours, vaults_room_door_ring,
          layout_vaults_omnicross, nicolae_trove_entry_free_sample,
          portal_desolation_entry_nicolae_slug
Vaults:4: hangedman_vaults_corner_blocks, vaults_dpeg_cross,
          vaults_room_guarded_vault, nicolae_vaults_asterisk, vaults_dpeg_doors,
          ontoclasm_vaults_pinch, nicolae_vaults_network_s, v_alt_pattern_3,
          nicolae_vaults_windows_and_doors_thing, hangedman_vaults_trim,
          nicolae_vaults_hallways_thing, hangedman_vaults_locks,
          nicolae_vaults_three_branches,
          vaults_standard_mumra_enter_the_diamond, vaults_dpeg_diagonal,
          layout_vaults_maze_bifur, serial_shops,
          nicolae_shop_temple_entry_statues_fountains
Vaults:5

Skill      XL: |  1  2  3  4  5  6  7  8  9 10 11 12 13 14 15 16 17 18 19 |
---------------+----------------------------------------------------------+-----
Armour         | 4 5 6 7 8 10 12 14 16 17 | 17.7
Shields        | 4 5 7 8 9 12 14 16 17 | 17.6
Long Blades    | 3 4 5 6 7 9 10 13 14 | 14.6
Fighting       | 4 5 6 10 13 15 17 19 20 21 23 | 23.7
Dodging        | 1 2 3 4 5 6 8 10 11 | 11.6
Throwing       | 3 9 11 13 14 | 14.6
Stealth        | |  0.4

Action                   |  1- 3 |  4- 6 |  7- 9 | 10-12 | 13-15 | 16-18 | 19-21 || total
-------------------------+-------+-------+-------+-------+-------+-------+-------++-------
Melee: Long sword        |    67 |   111 |   225 |   527 |   917 |  1107 |   472 ||  3426
       Headbutt          |    12 |    28 |    63 |   152 |   271 |   411 |   170 ||  1107
       Unarmed           |       |       |       |     1 |       |       |       ||     1
       Mace              |       |       |       |    14 |    37 |       |       ||    51
       Kick              |       |       |       |       |   373 |   591 |   273 ||  1237
Throw: Javelin           |       |       |     3 |       |       |       |       ||     3
       Dart              |       |       |     3 |    25 |    22 |     6 |       ||    56
       Boomerang         |       |       |       |       |       |   249 |    93 ||   342
Invok: Stomp             |       |       |       |     4 |     5 |       |     4 ||    13
       Line Pass         |       |       |       |       |       |       |     1 ||     1
Evoke: Wand              |       |       |       |     1 |       |       |       ||     1
       Tin of tremorston |       |       |       |       |       |     1 |       ||     1
       Condenser vane    |       |       |       |       |       |     1 |       ||     1
  Use: Scroll            |       |       |     1 |    17 |    17 |     6 |       ||    41
       Potion            |       |       |       |       |     7 |     3 |       ||    10
 Stab: Distracted        |       |     1 |       |       |       |       |       ||     1
       Paralysed         |       |       |     2 |    35 |    65 |    74 |    53 ||   229
       Petrified         |       |       |       |       |     4 |       |       ||     4
Armor: Scale mail        |    27 |    42 |    81 |   128 |       |       |       ||   278
       Plate armour      |       |       |       |    86 |   539 |   644 |   209 ||  1478
Dodge: Dodged            |    26 |    24 |    81 |   134 |   276 |   421 |   166 ||  1128
Block: Kite shield       |    29 |    51 |   159 |    69 |       |       |       ||   308
       Buckler           |       |       |       |    26 |       |   281 |   184 ||   491
       Reflection        |       |       |       |     2 |       |    32 |    13 ||    47
       Tower shield      |       |       |       |   340 |  1230 |   454 |       ||  2024
       Rpst.: Long sword |     5 |     2 |    18 |    24 |    42 |    74 |    36 ||   201

Table legend: (Time is in decaauts)
 A = Elapsed time spent in this place.
 B = Non-inter-level travel time spent in this place.
 C = Inter-level travel time spent in this place.
 D = Time resting spent in this place.
 E = Time spent auto-exploring this place.
 F = Levels seen in this place.
 G = Mean time per level.
                   A        B        C        D        E       F      G
               +--------+--------+--------+--------+--------+-----+--------+
         Total |  36392 |  33784 |   2608 |   4377 |  16090 |  35 | 1039.8 |
       Dungeon |  14078 |  13062 |   1016 |   1566 |   7702 |  15 |  938.5 |
          Lair |   7523 |   7149 |    374 |   1158 |   3861 |   6 | 1253.8 |
        Shoals |   3210 |   3067 |    143 |    137 |    934 |   4 |  802.5 |
   Spider Nest |   4503 |   4235 |    268 |    729 |   1447 |   4 | 1125.8 |
        Vaults |   6055 |   5250 |    805 |    676 |   2144 |   5 | 1211.0 |
    Desolation |   1020 |   1020 |      0 |    109 |      1 |   1 | 1020.0 |
               +--------+--------+--------+--------+--------+-----+--------+

Top non-repeatable levels by time:
Vaults:4: 2356 daAuts
  Lair:5: 2334 daAuts
Vaults:2: 1463 daAuts
Vaults:3: 1348 daAuts
Spider:2: 1293 daAuts
     D:4: 1282 daAuts
    D:14: 1278 daAuts
  Lair:6: 1263 daAuts
Spider:3: 1253 daAuts
     D:2: 1249 daAuts
  Lair:1: 1211 daAuts
    D:10: 1188 daAuts
     D:9: 1176 daAuts
    D:11: 1125 daAuts
  Lair:2: 1094 daAuts
